 Dungeon Crawl Stone Soup version 0.22-a0-271-gc000056a37 (webtiles) character file.

37 Manul the Skirmisher (level 3, -1/33 HPs)
             Began as a Draconian Monk on Mar 11, 2018.
             Slain by a phantom (3 damage)
             ... on level 2 of the Dungeon.
             The game lasted 00:01:00 (1470 turns).

Manul the Skirmisher (Draconian Monk)               Turns: 1470, Time: 00:01:01

Health: -1/33      AC:  5    Str: 13    XL:     3   Next: 21%
Magic:  3/3        EV: 13    Int: 10    God:
Gold:   80         SH:  0    Dex: 14    Spells: 2/2 levels left

rFire    . . .     SeeInvis .   a - +0 spear
rCold    . . .     Gourm    .   (no shield)
rNeg     . . .     Faith    .   (armour unavailable)
rPois    .         Spirit   .   (helmet restricted)
rElec    .         Reflect  .   (no cloak)
rCorr    .         Harm     .   (no gloves)
MR       .....                  (no boots)
Stlth    ++........             (no amulet)
HPRegen  0.11/turn              (no ring)
MPRegen  0.08/turn              (no ring)

@: no status effects
A: unfitting armour, cold-blooded, AC +5
a: no special abilities


You were on level 2 of the Dungeon.
You were not hungry.

You visited 1 branch of the dungeon, and saw 2 of its levels.

You collected 80 gold pieces.

Inventory:

Hand Weapons
 a - a +0 spear (weapon)
Scrolls
 c - 2 scrolls of identify {unknown}
 e - a scroll of amnesia {unknown}
 f - 2 scrolls of blinking {unknown}
 j - a scroll of remove curse {unknown}
Comestibles
 b - 3 rations
 g - a chunk of flesh


   Skills:
 + Level 3.7 Fighting
 + Level 3.3 Polearms
 + Level 3.3 Dodging
 + Level 1.9 Stealth


You had 2 spell levels left.
You didn't know any spells.

Dungeon Overview and Level Annotations

Branches:
Dungeon (2/15)

Altars:
Trog
Vehumet


Innate Abilities, Weirdness & Mutations

Your plain brown scales are hard. (AC +5)
You cannot fit into any form of body armour.
You are cold-blooded and may be slowed by cold attacks.


Message History

The phantom hits you.
* * * LOW HITPOINT WARNING * * *
The phantom blinks!
It was a potion of brilliance.
You feel clever all of a sudden.
The phantom blinks!
It was a potion of cancellation.
Your magical effects are unravelling.
You feel magically purged.
You feel a little less mighty now.
You feel a little less clever now.
The phantom blinks!
You are too injured to fight recklessly!
You are too injured to fight recklessly!
You hit the phantom but do no damage.
The phantom is severely damaged.
The phantom closely misses you.
You hit the phantom.
The phantom is severely damaged.
The phantom hits you.
You die...

##...#.# .# ##.##.#
##.## #.##.#
##...## #.##.#
#.....# #.#...
#.....########..#.#
..?§.#........>...
#W..##.####...##..
#@# #÷# #.####..
#.# #.# #.# #..
#.####.####.# #..
#.##.....##<##....
##.##.###.##.....
#.....# #....#
#...##.###.##.....
#.#.###.....# ###.
#.##. ###.###


You could see a phantom.

Vanquished Creatures
  An adder (D:2)
  A worm (D:2)
  2 dart slugs
  2 leopard geckos (D:1)
  A goblin (D:2)
  A hobgoblin (D:2)
  4 bats
  3 frilled lizards
  3 kobolds
  4 rats (D:1)
22 creatures vanquished.

Notes
Turn   | Place    | Note
-------+----------+-------------------------------------------
     0 | D:1      | Manul the Draconian Monk began the quest for the Orb.
     0 | D:1      | Reached XP level 1. HP: 19/19 MP: 1/1
   319 | D:1      | Reached XP level 2. HP: 20/26 MP: 2/2
   902 | D:2      | Found a radiant altar of Vehumet.
   905 | D:2      | Found a bloodstained altar of Trog.
  1207 | D:2      | Reached XP level 3. HP: 25/33 MP: 3/3
  1437 | D:2      | Noticed a phantom
  1465 | D:2      | HP: 1/33 [phantom (5)]
  1470 | D:2      | Slain by a phantom

Vault maps used:
D:1:      dpeg_arrival_round_c
D:2:      old_standard_altar, lemuel_blue_sif_altar, grunt_temple_overflow_open,
          old_standard_altar, first_ration, eino_curves_01

Skill      XL: |  1 |
---------------+----+-----
Dodging        | 3 |  3.3
Fighting       | |  3.7
Polearms       | |  3.3
Stealth        | |  1.9

Action                   || total
-------------------------++-------
Melee: Spear             ||   104
       Tailslap          ||    13
  Use: Potion            ||     3
 Stab: Sleeping          ||     7
  Eat: Chunk             ||     2
Armor: Skin              ||    12
Dodge: Dodged            ||    45

Table legend:
 A = Spawn XP
 B = Non-spawn XP
 C = Spawn XP percentage of total XP
 D = Spawn monster count
 E = Non-spawn monster count
 F = Spawn count percentage of total count
 G = Total turns spent on level
                    A         B        C        D         E        F      G
               +---------+---------+-------+---------+---------+-------+---------
         Total |       0 |      53 |   0.0 |       0 |      22 |   0.0 |  1470
               +---------+---------+-------+---------+---------+-------+---------
           D:1 |       0 |      24 |   0.0 |       0 |      14 |   0.0 |   893
           D:2 |       0 |      29 |   0.0 |       0 |       8 |   0.0 |   577
               +---------+---------+-------+---------+---------+-------+---------
